 Dungeon Crawl Stone Soup version 0.23.2-1-ga50397a (webtiles) character file.

Game seed: 12843054563462751869

21788 rabbit the Cleaver (level 12, -51/112 HPs)
             Began as a Deep Dwarf Fighter on Apr 17, 2019.
             Was a High Priest of Makhleb.
             Killed from afar by a frost giant (66 damage)
             ... with a bolt of cold
             ... in an ice cave on Apr 18, 2019.
             The game lasted 01:09:00 (11484 turns).

rabbit the Cleaver (Deep Dwarf Fighter)            Turns: 11484, Time: 01:09:00

Health: -51/112    AC: 11    Str: 26    XL:     12   Next: 57%
Magic:  10/10      EV: 16    Int:  8    God:    Makhleb [*****.]
Gold:   747        SH: 12    Dex: 12    Spells: 11/11 levels left

rFire    . . .     SeeInvis +   a - +0 war axe
rCold    . . .     Gourm    .   c - +0 shield
rNeg     . . .     Faith    .   k - +0 scale mail
rPois    .         Spirit   .   D - +0 hat
rElec    .         Reflect  .   (no cloak)
rCorr    .         Harm     .   T - +0 pair of gloves
MR       +....                  Q - +0 pair of boots
Stlth    ..........             (no amulet)
HPRegen  0.00/turn              q - +2 ring of evasion
MPRegen  0.12/turn              S - ring of see invisible

@: about to teleport, non-regenerating
A: damage resistance, heal wounds, sense surroundings 2, no regeneration
a: Heal Wounds, Minor Destruction, Lesser Servant of Makhleb, Major Destruction,
Greater Servant of Makhleb, Renounce Religion


You were in an ice cave.
You worshipped Makhleb.
Makhleb was extremely pleased with you.
You were not hungry.

You visited 3 branches of the dungeon, and saw 14 of its levels.
You also visited: Ice Cave.

You collected 817 gold pieces.
You spent 70 gold pieces at shops.

Inventory:

Hand Weapons
 a - a +0 war axe (weapon)
 b - the +10 hunting sling of Tiwn {flame, Dex+5}
   (You found it on level 5 of the Dungeon)

   It causes projectiles fired from it to burn those they strike, causing extra
   injury to most foes and up to half again as much damage against particularly
   susceptible opponents.
   It affects your dexterity (+5).
 m - a +1 hand axe of chopping
 B - a +0 mace of holy wrath
Missiles
 e - 86 sling bullets
 h - 442 stones (quivered)
Armour
 c - a +0 shield (worn)
 k - a +0 scale mail (worn)
 D - a +0 hat (worn)
 Q - a +0 pair of boots (worn)
 T - a +0 pair of gloves (worn)
Jewellery
 g - an uncursed amulet of harm
 q - a +2 ring of evasion (left hand)
 R - an uncursed ring of flight
 S - a ring of see invisible (right hand)
Wands
 p - a wand of iceblast (22)
 J - a wand of polymorph (10)
 U - a wand of paralysis (9)
 V - a wand of random effects (28)
 W - a wand of acid (5)
Scrolls
 i - 5 scrolls of teleportation
 j - 7 scrolls of identify
 l - 5 scrolls of fog
 u - 7 scrolls of remove curse
Potions
 d - 3 potions of might
 n - 5 potions of heal wounds
 o - 7 potions of curing
Comestibles
 f - 26 rations
 r - 9 chunks of flesh


   Skills:
 + Level 8.7 Fighting
 * Level 11.0 Axes
 + Level 10.2 Armour
 + Level 9.7 Dodging
 + Level 10.3 Shields
 + Level 8.4 Invocations


You had 11 spell levels left.
You didn't know any spells.
Your spell library contained the following spells:

 Spells                   Type           Power        Failure   Level  Hunger
 Apportation              Tloc           #.....       83%         1    ##.....
 Summon Butterflies       Summ           #.......     83%         1    ##.....
 Lesser Beckoning         Tloc           #.........   99%         3    ####...
 Tukima's Dance           Hex            #.......     99%         3    ####...
 Alistair's Intoxication  Tmut/Pois      #.......     100%        5    ######.
 Invisibility             Hex            #.......     100%        6    #######


Dungeon Overview and Level Annotations

Branches:
Dungeon (11/15)            Temple (1/1) D:5            Lair (2/6) D:8
    Orc (0/2) D:9
  Swamp: Lair:2-4    Shoals: Lair:2-4     Snake: Lair:2-4    Spider: Lair:2-4

Altars:
Ashenzari
Cheibriados
Dithmenos
Elyvilon
Fedhas
Gozag
Hepliaklqana
Kikubaaqudgha
Makhleb
Nemelex Xobeh
Okawaru
Qazlal
Ru
Sif Muna
Trog
Uskayaw
Vehumet
Wu Jian
Xom
Yredelemnul
Zin
The Shining One

Shops:
D:4 *   D:10 !

Annotations:
D:9 exclusions: ice statue and obsidian statue
D:10 2 transporters, havocjr3's ghost, journeyman GnGl


Innate Abilities, Weirdness & Mutations

You are resistant to damage.
You can heal yourself by infusing magical energy.
You passively map the area around you.
You do not regenerate.


Message History

Something hits your smoke demon. Something freezes your smoke demon.
Something hits your smoke demon! Something freezes your smoke demon.
Something hits your smoke demon! Something freezes your smoke demon.
Your smoke demon dies!
The frost giant gestures at you while chanting.
The bolt of cold misses you.
The +10 hunting sling of Tiwn {flame, Dex+5} stops flaming.
a - a +0 war axe (weapon)
You barely miss the frost giant. You block the frost giant's attack.
You slash the frost giant!
The frost giant is lightly wounded.
The frost giant casts a spell at you. The bolt of cold hits you!!!
* * * LOW HITPOINT WARNING * * *
As you read the scroll of teleportation, it crumbles to dust.
You feel strangely unstable.
The frost giant gestures at you while chanting.
The bolt of cold hits you!!!
Ouch! That really hurt!
You die... $. * * ≈ ###. ,##### *##..h * ###...#### * #.YkY

##...#....### *
#Y..###..####.....##
#YhC##..#####.....##
###..###.#.#####....
#.C###...⌠.# *##...
###@#4#...## ≈###.
*##.###### ########
* ### ###....##. ≈
###...#....# ≈
###....####### ≈
##...#### * *
####...## ≈
##.....## ≈ ##
##.#....4## *#.


You could see a frost giant.

Vanquished Creatures
  Gastronok (D:8)
  Erica (D:11)
  2 hydras
  A tengu warrior (D:9)
  A two-headed ogre (D:9)
  A death yak (IceCv)
  A salamander (shapeshifter) (D:11)
  A manticore (D:11)
  An ice statue (IceCv)
  2 spiny frogs (Lair:1)
  2 kobold demonologists (D:11)
  A tengu conjurer (D:9)
  9 polar bears (IceCv)
  Prince Ribbit (D:8)
  A human (D:7)
  2 wyverns
  16 yaks
  A basilisk (D:8)
  4 hogs (D:7)
  A water moccasin (D:7)
  6 porcupines
  A black bear (D:8)
  3 orc warriors
  4 ice beasts
  A sky beast (D:11)
  2 eyes of draining
  15 wolves (IceCv)
  6 ogres
  A centaur (D:9)
  6 crocodiles
  A big kobold (D:11)
  5 bullfrogs
  A gnoll sergeant (D:6)
  A water moccasin zombie (D:9)
  A wyvern skeleton (D:11)
  2 water moccasin skeletons
  4 scorpions
  3 wights (D:8)
  24 killer bees
  3 howler monkeys
  2 jellies
  4 crimson imps
  A centaur zombie (D:9)
  7 orc priests
  2 bullfrog skeletons
  A bullfrog zombie (D:5)
  3 hounds
  3 centaur skeletons
  5 iguanas
  7 orc wizards
  14 worker ants
  A killer bee zombie (D:7)
  2 hound zombies
  A hound skeleton (D:8)
  A worker ant zombie (D:10)
  9 gnolls
  12 adders
  12 white imps (Lair:2)
  3 adder zombies
  5 adder skeletons
  2 worms
  2 dart slugs
  5 leopard geckos
  40 orcs
  2 ball pythons
  7 giant cockroaches
  6 goblins
  8 hobgoblins
  10 jackals
  6 kobolds
  8 quokkas
  4 bats
  2 frilled lizards
  A jackal zombie (D:5)
  A quokka skeleton (D:8)
  5 rats
344 creatures vanquished.

Vanquished Creatures (collateral kills)
  4 polar bears (IceCv)
  4 yaks (IceCv)
  A wolf (IceCv)
9 creatures vanquished.

Grand Total: 353 creatures vanquished

Notes
Turn   | Place    | Note
-------+----------+-------------------------------------------
     0 | D:1      | rabbit the Deep Dwarf Fighter began the quest for the Orb.
     0 | D:1      | Reached XP level 1. HP: 20/20 MP: 1/1
   348 | D:1      | Reached XP level 2. HP: 27/27 MP: 2/2
   854 | D:1      | Reached skill level 1 in Dodging
   966 | D:2      | HP: 1/27 [worm (7)]
   967 | D:2      | Reached XP level 3. HP: 1/33 MP: 3/3
  1691 | D:3      | Reached XP level 4. HP: 25/42 MP: 3/3
  1862 | D:3      | Reached skill level 3 in Axes
  2422 | D:4      | Noticed an ogre
  2526 | D:3      | Killed an ogre
  2526 | D:3      | Reached XP level 5. HP: 22/49 MP: 4/4
  2581 | D:4      | Reached XP level 6. HP: 42/56 MP: 4/4
  2672 | D:4      | Found Biozakuo's General Store.
  2682 | D:4      | Bought a potion of heal wounds for 70 gold pieces
  2792 | D:4      | Reached skill level 4 in Axes
  2811 | D:4      | Reached skill level 5 in Shields
  2811 | D:4      | Reached XP level 7. HP: 31/64 MP: 5/5
  2890 | D:4      | Found a sacrificial altar of Ru.
  2890 | D:4      | Found a radiant altar of Vehumet.
  2890 | D:4      | Found a stormy altar of Qazlal.
  3073 | D:4      | Reached skill level 5 in Armour
  3115 | D:5      | Entered Level 5 of the Dungeon
  3401 | D:5      | Found an ancient bone altar of Kikubaaqudgha.
  3417 | D:5      | Found a staircase to the Ecumenical Temple.
  3430 | Temple   | Entered the Ecumenical Temple
  3484 | Temple   | Became a worshipper of Makhleb the Destroyer
  3501 | D:5      | Got a fine hunting sling
  3504 | D:5      | Identified the +10 hunting sling of Tiwn {flame, Dex+5}
                  | (You found it on level 5 of the Dungeon)
  3518 | D:5      | You fall through a shaft for 3 floors!
  3664 | D:8      | Noticed Gastronok
  3665 | D:8      | Reached skill level 5 in Axes
  3665 | D:8      | Reached XP level 8. HP: 50/73 MP: 6/6
  3679 | D:8      | HP: 3/73 [Gastronok (4)]
  3685 | D:8      | Killed Gastronok
  3685 | D:8      | Reached skill level 5 in Fighting
  3685 | D:8      | Reached skill level 6 in Axes
  3685 | D:8      | Gained mutation: You passively map the area around you.
                  | [Deep Dwarf growth]
  3685 | D:8      | Reached XP level 9. HP: 4/82 MP: 7/7
  4216 | D:5      | Reached * piety under Makhleb
  4648 | D:6      | Reached skill level 7 in Axes
  4654 | D:6      | Found a shadowy altar of Dithmenos.
  4661 | D:6      | Found a shattered altar of Ashenzari.
  4867 | D:6      | Reached ** piety under Makhleb
  4877 | D:6      | Reached skill level 1 in Invocations
  5300 | D:7      | Reached XP level 10. HP: 79/92 MP: 8/8
  5540 | D:7      | Found an iron altar of Okawaru.
  5857 | D:8      | Reached *** piety under Makhleb
  6184 | D:7      | Reached skill level 8 in Axes
  6219 | D:8      | Found a staircase to the Lair.
  6305 | D:8      | Identified the +6 ring mail "Gyntuhis" {rC+ MR- Int+4}
  6332 | D:8      | Noticed Prince Ribbit
  6352 | D:8      | Killed Prince Ribbit
  6612 | D:8      | Reached **** piety under Makhleb
  6762 | D:9      | Noticed an obsidian statue
  6812 | D:9      | Found a staircase to the Orcish Mines.
  6897 | D:9      | Noticed a two-headed ogre
  6905 | D:9      | Killed a two-headed ogre
  6905 | D:9      | Reached skill level 5 in Invocations
  6925 | D:9      | Reached XP level 11. HP: 100/100 MP: 10/10
  7146 | D:9      | Found an opulent altar of Gozag.
  7270 | D:9      | Noticed a tengu warrior
  7304 | D:9      | Killed a tengu warrior
  7697 | D:10     | Entered Level 10 of the Dungeon
  7785 | D:10     | Found a transporter.
  7785 | D:10     | Noticed havocjr3's ghost (journeyman GnGl)
  7867 | D:10     | Found a transporter.
  8249 | D:10     | Found Vuorroill's Distillery.
  8318 | D:11     | Reached ***** piety under Makhleb
  8431 | D:11     | Noticed Erica
  8438 | D:11     | Killed Erica
  8438 | D:11     | Reached skill level 9 in Axes
  8801 | D:11     | Noticed a five-headed hydra
  8808 | D:11     | Killed a five-headed hydra
  9374 | Lair:1   | Entered Level 1 of the Lair of Beasts
 10145 | Lair:1   | Noticed a seven-headed hydra
 10152 | Lair:1   | Killed a seven-headed hydra
 10152 | Lair:1   | Reached skill level 10 in Axes
 10313 | Lair:2   | Found a frozen archway.
 10331 | IceCv    | Entered an ice cave
 10362 | IceCv    | Reached XP level 12. HP: 95/110 MP: 11/11
 10746 | IceCv    | Reached skill level 10 in Shields
 10825 | IceCv    | HP: 4/112 [polar bear (22)]
 10825 | IceCv    | HP: 1/112 [polar bear (3)]
 10832 | IceCv    | Reached skill level 10 in Armour
 10863 | IceCv    | Noticed a death yak
 10884 | IceCv    | Killed a death yak
 11434 | IceCv    | Reached skill level 11 in Axes
 11464 | IceCv    | Noticed a frost giant
 11464 | IceCv    | Noticed a death yak
 11484 | IceCv    | Killed from afar by a frost giant

Skill      XL: |  1  2  3  4  5  6  7  8  9 10 11 12 |
---------------+-------------------------------------+-----
Dodging        | 1 2 3 4 6 8 9 |  9.7
Fighting       | 3 4 5 6 7 8 |  8.7
Axes           | 3 4 5 6 7 8 10 11 | 11.0
Armour         | 4 5 7 8 9 10 | 10.2
Shields        | 4 5 7 8 9 10 | 10.3
Invocations    | 1 5 7 8 |  8.4

Action                   |  1- 3 |  4- 6 |  7- 9 | 10-12 || total
-------------------------+-------+-------+-------+-------++-------
Melee: War axe           |    92 |   144 |   131 |   776 ||  1143
 Fire: Hunting sling     |    17 |    31 |   126 |   300 ||   474
Invok: Lesser Servant of |       |       |       |     5 ||     5
 Abil: Heal Wounds       |     1 |     3 |     5 |    24 ||    33
  Use: Scroll            |       |     2 |     5 |     4 ||    11
  Eat: Chunk             |     2 |     4 |     8 |    18 ||    32
       Ration            |       |       |       |     1 ||     1
Armor: Scale mail        |    33 |    54 |    24 |   236 ||   347
Dodge: Dodged            |    25 |    69 |    66 |   645 ||   805
Block: Shield            |    42 |    84 |   101 |   651 ||   878
